 Dungeon Crawl Stone Soup version 0.17.1-2-g5865329 (webtiles) character file.

476 kaze the Ducker (level 6, -9/62 HPs)
             Began as a Troll Berserker on Jan 21, 2016.
             Was a Believer of Trog.
             Mangled by DishwasherDemon's ghost (18 damage)
             ... on level 5 of the Dungeon.
             The game lasted 00:13:27 (2606 turns).

kaze the Ducker (Troll Berserker)                   Turns: 2606, Time: 00:13:27

Health: -9/62      AC:  7    Str: 28    XL:     6   Next: 84%
Magic:  5/5        EV: 11    Int:  3    God:    Trog [**....]
Gold:   142        SH:  0    Dex:  9    Spells: 0 memorised, 5 levels left

rFire  . . .     SeeInvis .     n - +2 short sword (speed)
rCold  . . .     Clarity  .     a - +0 animal skin
rNeg   . . .     SustAt   .     (no shield)
rPois  .         Gourm    +     c - +2 hat
rElec  .         Spirit   .     (no cloak)
rCorr  .         Warding  .     (gloves unavailable)
rMut   .         Stasis   .     (boots unavailable)
MR     ++...                    (no amulet)
Stlth  +.........               (no ring)
                                (no ring)

@: regenerating, very resistant to hostile enchantments, very unstealthy
A: unfitting armour, claws 3, fast metabolism 3, gourmand, regeneration 2,
shaggy fur 1, tough skin 2
a: Berserk, Trog's Hand, Burn Spellbooks, Renounce Religion


You were on level 5 of the Dungeon.
You worshipped Trog.
Trog was pleased with you.
You were very full.

You visited 2 branches of the dungeon, and saw 6 of its levels.

You collected 142 gold pieces.

Inventory:

Hand Weapons
 n - a +2 short sword of speed (weapon)
Armour
 a - a +0 animal skin (worn)
 c - a +2 hat (worn)
Scrolls
 g - a scroll of immolation {unknown}
 i - 3 scrolls of noise {unknown}
 j - a scroll of fog {unknown}
 k - a scroll of remove curse {unknown}
 o - a scroll of amnesia {unknown}
Potions
 d - 2 potions of invisibility {unknown}
 e - a potion of brilliance {unknown}
 l - a potion of lignification {unknown}
Comestibles
 b - 4 bread rations
 f - a royal jelly
 h - a meat ration


   Skills:
 + Level 3.6 Fighting
 * Level 1.9 Short Blades
 + Level 4.8 Dodging
 - Level 0.2 Stealth
 - Level 4.0 Unarmed Combat


You had 5 spell levels left.
You didn't know any spells.

Dungeon Overview and Level Annotations

Branches:
Dungeon (5/15)             Temple (1/1) D:4

Altars:
Ashenzari
Cheibriados
Dithmenos
Fedhas
Gozag
Kikubaaqudgha
Nemelex Xobeh
Okawaru
Ru
Vehumet
Xom
Zin
The Shining One

Annotations:
D:5 DishwasherDemon's ghost, novice KoBe


Innate Abilities, Weirdness & Mutations

You are too large for most types of armour.
You have claws for hands.
Your metabolism is lightning-fast.
You like to eat raw meat.
You heal very quickly.
You are covered in fur (AC +1).
You have very tough skin (AC +2).


Message History

Things that are here:
a scroll of identify; a smoky puce potion
Found 2 dark potions and a dented beryl amulet.
You barely miss DishwasherDemon's ghost.
DishwasherDemon's ghost hits you but does no damage.
You puncture DishwasherDemon's ghost!
DishwasherDemon's ghost is lightly damaged.
DishwasherDemon's ghost hits you.
You are electrocuted!
You barely miss DishwasherDemon's ghost.
DishwasherDemon's ghost is lightly damaged.
You hit DishwasherDemon's ghost.
DishwasherDemon's ghost is moderately damaged.
DishwasherDemon's ghost hits you!
You are electrocuted!
* * * LOW HITPOINT WARNING * * *
Your skin crawls.
You feel resistant to hostile enchantments.
You feel slightly less full. DishwasherDemon's ghost hits you.
* * * LOW HITPOINT WARNING * * *
You are electrocuted!
You die...

#.# #.###..#....# ..
#.#....#.##.#
##.##.#.#.#..#.##.####
........<.#..#.##....#
#...#.#.#.#..#.#####.#
#. ##.#.#.####.# #.#
...#.#.. ..# #.#
.....############.#
#......W@?...[...#.#
####8+8#########.#.# .
....# #.#.# #######
#.#.# ยงยง(("!# #.#.#
####### #.#.# #######
#.#.# #.#.# #.#.#


You could see DishwasherDemon's ghost.

Vanquished Creatures
  An ice beast (D:5)
  An ogre (D:5)
  A scorpion (D:3)
  The ghost of namelastname112 the Chiller, a weakling DrIE (D:3)
  2 giant frog skeletons (D:4)
  2 iguanas (D:5)
  Natasha (twice) (D:3)
  3 gnolls (D:4)
  An adder skeleton (D:4)
  A worm (D:2)
  5 orcs (D:3)
  3 bats
  3 hobgoblins
  5 kobolds
  A quokka (D:3)
  A ball python (D:2)
  2 giant cockroaches (D:2)
  2 giant geckos
  6 giant newts
  A goblin (D:1)
  8 rats
52 creatures vanquished.

Notes
Turn   | Place    | Note
--------------------------------------------------------------
     0 | D:1      | kaze the Troll Berserker began the quest for the Orb.
     0 | D:1      | Reached XP level 1. HP: 22/22 MP: 0/0
   290 | D:1      | Reached XP level 2. HP: 29/29 MP: 1/1
  1039 | D:3      | Noticed namelastname112's ghost (weakling DrIE)
  1050 | D:3      | Killed namelastname112's ghost
  1050 | D:3      | Reached XP level 3. HP: 33/36 MP: 2/2
  1207 | D:3      | Reached ** piety under Trog
  1218 | D:3      | Noticed Natasha
  1257 | D:3      | Killed Natasha
  1257 | D:3      | Reached XP level 4. HP: 21/45 MP: 3/3
  1271 | D:3      | Noticed Natasha
  1278 | D:3      | Killed Natasha
  1387 | D:3      | Found a snail-covered altar of Cheibriados.
  1413 | D:3      | Noticed a scorpion
  1420 | D:3      | Killed a scorpion
  1420 | D:3      | Reached XP level 5. HP: 50/53 MP: 4/4
  1576 | D:4      | Found a staircase to the Ecumenical Temple.
  1964 | D:4      | Reached skill level 4 in Unarmed Combat
  2208 | Temple   | Entered the Ecumenical Temple
  2438 | D:5      | Entered Level 5 of the Dungeon
  2449 | D:5      | Noticed an ogre
  2456 | D:5      | Killed an ogre
  2456 | D:5      | Reached skill level 1 in Short Blades
  2456 | D:5      | Reached XP level 6. HP: 61/61 MP: 5/5
  2526 | D:5      | Noticed an ice beast
  2540 | D:5      | Killed an ice beast
  2598 | D:5      | Noticed DishwasherDemon's ghost (novice KoBe)
  2606 | D:5      | Mangled by DishwasherDemon's ghost

Action                   |  1- 3 |  4- 6 || total
-------------------------+-------+-------++-------
Melee: Unarmed           |    70 |    44 ||   114
       Short sword       |       |    53 ||    53
Invok: Trog's Hand       |       |     3 ||     3
       Berserk           |       |     1 ||     1
  Use: Scroll            |     1 |       ||     1
  Eat: Chunk             |     5 |    13 ||    18
       Bread ration      |     2 |       ||     2
       Beef jerky        |       |     1 ||     1
